 Dungeon Sprint DCSS version bcrawl-1.36 (webtiles) character file.

Game seed: 2142245189422375297

347686 Baz the Zephyrmancer (level 5, -9/31 HPs)
             Began as a Fairy Air Elementalist on Apr 1, 2022.
             Was a Follower of Vehumet.
             Mangled by a red ugly thing (21 damage)
             ... in the Dungeon (Sprint IX: "|||||||||||||||||||||||||||||").
             The game lasted 00:01:51 (375 turns).

Baz the Zephyrmancer (Fairy Air Elementalist)        Turns: 375, Time: 00:01:52

Health: -9/31      AC:  5    Str:  6    XL:     5   Next: 24%
Magic:  21/27      EV: 17    Int: 20    God:    Vehumet [*.....]
Gold:   0          SH:  4    Dex: 18    Spells: 9/15 levels left

rFire    . . .     SeeInvis .   q - staff of power
rCold    . . .     Gourm    .   (shield currently unavailable)
rNeg     . . .     Faith    .   (armour unavailable)
rPois    .         Spirit   .   (no helmet)
rElec    .         Reflect  .   m - +0 cloak
rCorr    .         NoTele   +   (no gloves)
MR       .....                  (no boots)
Stlth    +.........             (no amulet)
HPRegen  0.10/turn              o - +3 ring of dexterity
MPRegen  0.20/turn              p - +3 ring of dexterity

@: flying evasively
A: small, magic attunement, unstealthy, unfitting armour, able to fly, AC/SH +4
a: Stop Flying, Renounce Religion


You were in the Dungeon.
You worshipped Vehumet.
Vehumet was aware of your devotion.
You were not hungry.

You visited 1 branch

Inventory:

Hand Weapons
 l - the +2 scimitar of Joyful Slaughter {flame, +Fly rC- rN+}
   (You found it in the Dungeon)

   It has been specially enchanted to surge with flame as it hits, increasing
   damage dealt by approximately one third against foes not resistant or
   susceptible to fire.
   Its heat also prevents any hydra heads it cuts off from regrowing.
   It makes you vulnerable to cold.
   It protects you from negative energy.
   It lets you fly.
Armour
 m - a +0 cloak (worn)
 n - a +0 cloak
Magical Staves
 q - an uncursed staff of power (weapon)
Jewellery
 o - a +3 ring of dexterity (left hand)
 p - a +3 ring of dexterity (right hand)
Wands
 k - a wand of iceblast (10)
Scrolls
 h - 3 scrolls of remove curse
 i - 2 scrolls of blinking
 j - 2 scrolls of amnesia
Potions
 a - a potion of invisibility
 b - a potion of flight
 c - 3 potions of heal wounds
 d - 4 potions of curing
 f - a potion of haste
 g - 4 potions of magic
Comestibles
 e - a ration {!d}


   Skills:
 - Level 2.6 Dodging
 - Level 1.5 Stealth
 + Level 5.9 Spellcasting
 * Level 7.6 Conjurations
 * Level 8.5 Air Magic


You had 9 spell levels left.
You knew the following spells:

 Your Spells              Type           Power        Failure   Level  Hunger
a - Shock                 Conj/Air       #####        1%          1    None
b - Static Discharge      Air            #####...     1%          3    None
c - Swiftness             Chrm/Air       ###.....     2%          2    None

Your spell library contained the following spells:

 Spells                   Type           Power        Failure   Level  Hunger
 Magic Dart               Conj           ####         1%          1    None
 Airstrike                Air            #####.....   1%          4    None
 Lightning Bolt           Conj/Air       #####.....   3%          5    None


Dungeon Overview and Level Annotations

Branches:
Dungeon (1/1)

Altars:
Cheibriados
Dithmenos
Elyvilon
Fedhas
Gozag
Hepliaklqana
Kikubaaqudgha
Lugonu
Makhleb
Nemelex Xobeh
Okawaru
Qazlal
Ru
Sif Muna
Trog
Uskayaw
Vehumet
Wu Jian
Xom
Yredelemnul
Zin
The Shining One
Beogh
Jiyva


Innate Abilities, Weirdness & Mutations

Your spells do not cause hunger and MP costs are reduced by 1.
Your bright wings attract enemies. (Stealth-)
You cannot fit into any form of body armour.
Your shimmering scales are hard and can block incoming attacks. (AC +4, SH +4)
You are small and have problems with some larger weapons.
You can fly continuously.


Message History

Confirm with . or Enter, or press ? or * to list all spells.
The red ugly thing is struck by an arc of lightning!
The red ugly thing is severely wounded.
You are struck by an arc of lightning.
The red ugly thing is struck by an arc of lightning.
The red ugly thing is severely wounded.
The lightning grounds out.
The red ugly thing barely misses you.
No path to travel!
No path to travel!
Casting: Static Discharge (safe; 1% risk of failure)
Confirm with . or Enter, or press ? or * to list all spells.
The red ugly thing is struck by an arc of lightning!
The red ugly thing is almost dead.
You are struck by an arc of lightning.
The red ugly thing is struck by an arc of lightning.
The red ugly thing is almost dead.
The lightning grounds out.
The red ugly thing engulfs you!
You are engulfed in flames!!
Ouch! That really hurt!
You die... ▓▓▓▓▓▓▓▓▓▓▓▓▓▓▓▓▓▓▓▓▓▓▓▓ _______'...)..[.@uH..).. ▓▓▓▓▓▓▓▓▓▓▓▓▓▓▓▓▓▓▓▓▓▓▓▓

You could see a red ugly thing and a hippogriff.

Vanquished Creatures
  A big kobold (D)
  A crimson imp (D)
  A worker ant (D)
  A shadow imp (D)
  A worm (D)
  An orc (D)
  A bat (D)
  A bat skeleton (D)
  A hobgoblin (D)
  2 kobolds (D)
  A jackal zombie (D)
  2 quokka zombies (D)
14 creatures vanquished.

Notes
Turn   | Place    | Note
-------+----------+-------------------------------------------
     0 | D        | Baz the Fairy Air Elementalist began the quest for the Orb.
     0 | D        | Reached XP level 1. HP: 11/11 MP: 6/6
     6 | D        | Reached skill level 4 in Air Magic
    16 | D        | Reached XP level 2. HP: 6/17 MP: 8/8
   145 | D        | Noticed a crimson imp
   149 | D        | Reached skill level 5 in Air Magic
   153 | D        | Killed a crimson imp
   154 | D        | Reached skill level 5 in Conjurations
   154 | D        | Reached skill level 6 in Air Magic
   154 | D        | Reached XP level 3. HP: 7/21 MP: 9/11
   257 | D        | Found a roughly hewn altar of Beogh.
   257 | D        | Found a snail-covered altar of Cheibriados.
   257 | D        | Found a shadowy altar of Dithmenos.
   257 | D        | Found a white marble altar of Elyvilon.
   257 | D        | Found a blossoming altar of Fedhas.
   257 | D        | Found an opulent altar of Gozag.
   258 | D        | Found a hazy altar of Hepliaklqana.
   259 | D        | Found a viscous altar of Jiyva.
   260 | D        | Found an ancient bone altar of Kikubaaqudgha.
   261 | D        | Found a corrupted altar of Lugonu.
   262 | D        | Found a burning altar of Makhleb.
   263 | D        | Found a sparkling altar of Nemelex Xobeh.
   264 | D        | Found an iron altar of Okawaru.
   265 | D        | Found a stormy altar of Qazlal.
   266 | D        | Found a sacrificial altar of Ru.
   267 | D        | Found a shimmering blue altar of Sif Muna.
   268 | D        | Found a bloodstained altar of Trog.
   269 | D        | Found a hide-covered altar of Uskayaw.
   270 | D        | Found a radiant altar of Vehumet.
   271 | D        | Found an ornate altar of the Wu Jian Council.
   272 | D        | Found a shimmering altar of Xom.
   273 | D        | Found a basalt altar of Yredelemnul.
   274 | D        | Found a glowing silver altar of Zin.
   275 | D        | Found a glowing golden altar of the Shining One.
   278 | D        | Became a worshipper of Vehumet
   293 | D        | Got the +2 scimitar of Joyful Slaughter {flame, +Fly rC-
                  | rN+}
   365 | D        | Learned a level 3 spell: Static Discharge
   368 | D        | Learned a level 2 spell: Swiftness
   368 | D        | Noticed a big kobold
   368 | D        | Noticed a red ugly thing
   368 | D        | Noticed a hippogriff
   371 | D        | Reached * piety under Vehumet
   371 | D        | Offered knowledge of Magic Dart by Vehumet.
   372 | D        | Reached skill level 5 in Spellcasting
   372 | D        | Reached skill level 7 in Air Magic
   372 | D        | Reached XP level 4. HP: 22/27 MP: 13/13
   372 | D        | Killed a big kobold
   373 | D        | Reached skill level 8 in Air Magic
   373 | D        | Reached XP level 5. HP: 25/31 MP: 15/15
   375 | D        | Mangled by a red ugly thing

Skill      XL: |  1  2  3  4 |
---------------+-------------+-----
Spellcasting   | 3 4 5 |  5.9
Conjurations   | 3 5 6 7 |  7.6
Air Magic      | 4 6 7 8 |  8.5
Dodging        | |  2.6
Stealth        | |  1.5

Action                   |  1- 3 |  4- 6 || total
-------------------------+-------+-------++-------
Melee: Unarmed           |     4 |       ||     4
 Cast: Shock             |    16 |     1 ||    17
       Static Discharge  |       |     3 ||     3
  Use: Potion            |     2 |       ||     2
Armor: Skin              |     1 |       ||     1
Dodge: Dodged            |     6 |     2 ||     8
Block: Other             |     1 |       ||     1
